[Event "*** Titled Tuesday Blitz"]
[Site "Chess.com"]
[Date "2021.03.02"]
[Round "9"]
[White "Rondo_Capriccioso"]
[Black "StockholmMissile"]
[Result "1-0"]
[WhiteElo "2486"]
[BlackElo "2578"]
[TimeControl "180+1"]
[EndTime "11:46:00 PST"]
[Termination "Rondo_Capriccioso won by resignation"]

1. d4 d5 2. Nf3 Nf6 3. Bg5 Nbd7 4.
c4 e6 5. Nc3 Be7 6. e3 O-O 7.
Be2 b6 8. O-O Bb7 9. Rc1 dxc4 10. Bxc4 c5 11. Ne5 cxd4 12. exd4 h6 13. Be3 Nxe5 14.
dxe5 Nd7 15. f4 Bc5 16. Qe2 Qe7 17. Rfd1 Rfd8 18. Nb5 Rab8 19. Nd6 Ba8 20. Bxc5 Nxc5 21. f5 Rd7 22. b4 Nb7 23. fxe6 fxe6 24. Nf5 Qf7 25. Rxd7 Qxd7 26. Qg4 Re8 27. Bb5 exf5 28. Bxd7 fxg4 29. Bxe8 Nd8 30. Rc8 1-0

[Event "*** Titled Tuesday Blitz"]
[Site "Chess.com"]
[Date "2021.03.02"]
[Round "9"]
[White "QuintilianoR"]
[Black "Shuvalov"]
[Result "1-0"]
[WhiteElo "2696"]
[BlackElo "2544"]
[TimeControl "180+1"]
[EndTime "11:46:01 PST"]
[Termination "QuintilianoR won by resignation"]

1. d4 Nf6 2. c4 g6 3. Nf3 Bg7 4. Nc3 d5 5. cxd5 Nxd5 6. e4 Nxc3 7. bxc3 c5 8. h3 O-O 9. Be2 Nc6 10. Be3 Qa5 11. Bd2 Rd8 12. O-O Qc7 13. d5 Na5 14. c4 Bxa1 15. Qxa1 f6 16. e5 b5 17.
Bxa5 Qxa5 18. exf6 exf6 19. Qxf6 Qb6 20. Qh4 b4 21.
Ng5 Rd7 22. Ne4 Kg7 23. Qg5 Rf7 24. Qe5+ Kg8 25. Nd6 Bf5 26. Nxf7 Kxf7 27. Bf3 Re8 28. Qf4 Kg7 29. d6 a5 30. Rd1 Bd7 31. Bd5 Rf8 32.
Qe5+ Kh6 33. Qe3+ Kg7 34. Qe7+ 1-0

[Event "*** Titled Tuesday Blitz"]
[Site "Chess.com"]
[Date "2021.03.02"]
[Round "9"]
[White "CakeinSpace2002"]
[Black "mhebden"]
[Result "1-0"]
[WhiteElo "2426"]
[BlackElo "2523"]
[TimeControl "180+1"]
[EndTime "11:46:02 PST"]
[Termination "CakeinSpace2002 won by resignation"]

1. e4 e5 2. Nf3 Nc6 3. Bb5 a6 4.
Ba4 Nf6 5. O-O Be7 6. Re1 b5 7. Bb3 O-O 8. d3 d6 9. c3 Na5 10. Bc2 c5 11. Nbd2 Re8 12. Nf1 h6 13. h3 Bf8 14. g4 d5 15. Qe2 c4 16. Ng3 cxd3 17.
Bxd3 Bb7 18. g5 dxe4 19. Nxe4 Nxe4 20. Bxe4 Qd7 21. Kh2 Rad8 22. gxh6 Bxe4 23. Qxe4 f5 24. Qh4 e4 25. Ng5 gxh6 26. Rg1 Kh8 27. Bf4 Nc4 28.
Rad1 Qe7 29. Rxd8 Rxd8 30. Nf7+ Kh7 31. Qh5 Qf6 32. Nxd8 1-0

[Event "*** Titled Tuesday Blitz"]
[Site "Chess.com"]
[Date "2021.03.02"]
[Round "9"]
[White "ObligatePawnivore"]
[Black "pedro_nascimento85"]
[Result "1-0"]
[WhiteElo "1847"]
[BlackElo "2088"]
[TimeControl "180+1"]
[EndTime "11:46:02 PST"]
[Termination "ObligatePawnivore won by resignation"]

1. c4 e6 2. Nc3 d5 3. d4 Be7 4.
Nf3 Nf6 5. Bf4 O-O 6. e3 b6 7. cxd5 Nxd5 8. Nxd5 exd5 9. Be2 c6 10. O-O Bb7 11. Rc1 Nd7 12. Bd3 c5 13. Bb1 c4 14.
Ne5 Nf6 15. Qf3 Qc8 16. Bg5 h6 17. Bf5 Qc7 18. Bf4 Bd6 19. h4 Nd7 20. Nxd7 Bxf4 21. exf4 Rfd8 22. Ne5 1-0

[Event "*** Titled Tuesday Blitz"]
[Site "Chess.com"]
[Date "2021.03.02"]
[Round "9"]
[White "Enriquack"]
[Black "Zemerovv"]
[Result "0-1"]
[WhiteElo "2445"]
[BlackElo "2312"]
[TimeControl "180+1"]
[EndTime "11:46:04 PST"]
[Termination "Zemerovv won by resignation"]

1. e4 g6 2. d4 Bg7 3. Nf3 d6 4. Bc4 e6 5. O-O Ne7 6. Re1 a6 7. Bb3 b6 8. Nbd2 Nd7 9. Nf1 Bb7 10.
c3 h6 11. Ng3 b5 12. a4 Nb6 13. a5 Nd7 14. Be3 c5 15. Qd2 c4 16. Bc2 e5 17. h3 Qc7 18. Red1 Rd8 19. h4 h5 20. Ng5 Nf6 21. f4 Ng4 22. fxe5 Nxe3 23. Qxe3 dxe5 24. d5 O-O 25. Rf1 Nc8 26. Rf2 Nd6 27. Nf1 Bc8 28. Nd2 Bh6 29. Qg3 Rde8 30. Raf1 Bg4 31. Ndf3 Qe7 32. Nh3 Be3 33. Kh2 Bxf2 34. Nxf2 f5 35. Ng5 f4 0-1

[Event "*** Titled Tuesday Blitz"]
[Site "Chess.com"]
[Date "2021.03.02"]
[Round "9"]
[White "Loy_Konstantin"]
[Black "dbrankovic68"]
[Result "0-1"]
[WhiteElo "2351"]
[BlackElo "2480"]
[TimeControl "180+1"]
[EndTime "11:46:04 PST"]
[Termination "dbrankovic68 won by resignation"]

1. e4 c5 2. Nf3 g6 3. d4 cxd4 4.
Nxd4 Bg7 5. Nc3 Nc6 6. Be3 Nf6 7.
Bc4 d6 8. f3 Qb6 9. Nf5 Qxb2 10.
Nxg7+ Kf8 11. Nb5 Qb4+ 12. Qd2 Qxc4 13. Nc7 Nb4 14. Nxa8 Nxc2+ 15. Kf2 Nxe3 16. Rac1 Neg4+ 17. fxg4 Nxe4+ 18. Ke3 Nxd2 19. Rxc4 Nxc4+ 20. Kd4 b5 21. Nc7 Kxg7 22. Nxb5 Ne5 23. Nxa7 Bxg4 24. h3 Be6 25. Nb5 Bxa2 26. Ra1 Be6 27. Ra7 Rb8 28. Nc7 Rb2 29. Ne8+ Kh6 30. Rxe7 Nc6+ 0-1

[Event "*** Titled Tuesday Blitz"]
[Site "Chess.com"]
[Date "2021.03.02"]
[Round "9"]
[White "Kildepiotr"]
[Black "RaphCamora"]
[Result "1/2-1/2"]
[WhiteElo "2582"]
[BlackElo "2394"]
[TimeControl "180+1"]
[EndTime "11:46:05 PST"]
[Termination "Game drawn by repetition"]

1. Nf3 Nf6 2. g3 d5 3. Bg2 c5 4. O-O Nc6 5. d3 e5 6. Nbd2 h6 7. e4 d4 8. Nc4 Qc7 9. a4 Be6 10. Ne1 g5 11. f4 gxf4 12. gxf4 Rg8 13. Nxe5 Nxe5 14. fxe5 Nd7 15. Bf4 Bg7 16. Nf3 O-O-O 17. Kh1 Bg4 18. Qd2 Bxf3 19. Rxf3 Nxe5 20. Bh3+ Kb8 21.
Rg3 Bh8 22. Rag1 Rxg3 23. Bxg3 Ka8 24. Qxh6 Qa5 25. Qh5 Ng6 26. Rf1 Be5 27. Bxe5 c4 28.
Rf5 Nxe5 29. Rxe5 Qe1+ 30. Kg2 Rg8+ 31. Bg4 Qe2+ 32. Kh3 Qf1+ 33. Kg3 Qe1+ 34. Kg2 Qe2+ 35. Kh3 Qf1+ 36. Kh4 Qf2+ 37. Kh3 Qf1+ 1/2-1/2

[Event "*** Titled Tuesday Blitz"]
[Site "Chess.com"]
[Date "2021.03.02"]
[Round "9"]
[White "Grandmaster2B"]
[Black "sara_khm"]
[Result "1-0"]
[WhiteElo "2509"]
[BlackElo "2599"]
[TimeControl "180+1"]
[EndTime "11:46:05 PST"]
[Termination "Grandmaster2B won by resignation"]

1. e4 e5 2. Nf3 Nc6 3. Bb5 g6 4. O-O Bg7 5. c3 a6 6. Ba4 b5 7.
Bc2 Nge7 8. d4 d6 9. h3 O-O 10. Re1 h6 11. Nbd2 Bb7 12. Nf1 exd4 13. cxd4 Nb4 14.
Bb1 c5 15. Be3 Rc8 16. Qd2 Kh7 17. a3 Nbc6 18. Ng3 cxd4 19. Nxd4 Ne5 20. b3 d5 21. f4 N5c6 22. e5 Nxd4 23. Bxd4 Nc6 24. Bc5 Re8 25. Bd6 Qb6+ 26. Kh2 Nd4 27. f5 Nxb3 28. fxg6+ fxg6 29. Qd3 Re6 30. Qxb3 Rxd6 31. exd6 Bxa1 32. Re7+ Kh8 33. d7 Rg8 34. Re8 Qd6 35. d8=Q Qxd8 36. Rxd8 Rxd8 37. Qd3 Rd6 38. Qe3 Bg7 39. Qe7 Rb6 40. Qd8+ 1-0

[Event "*** Titled Tuesday Blitz"]
[Site "Chess.com"]
[Date "2021.03.02"]
[Round "9"]
[White "JiiHart"]
[Black "Evachess2006"]
[Result "1-0"]
[WhiteElo "2077"]
[BlackElo "1596"]
[TimeControl "180+1"]
[EndTime "11:46:05 PST"]
[Termination "JiiHart won by resignation"]

1. e4 e5 2. Nf3 Nc6 3. Bc4 Bc5 4. c3 d6 5. d4 exd4 6. cxd4 Bb6 7. Nc3 Bg4 8. Be3 Nge7 9. Bxf7+ Kxf7 10. Ng5+ Ke8 11. Qxg4 Ng6 12. Nxh7 Nh4 13. Qxg7 Nxg2+ 14. Kd2 Rxh7 15.
Qxh7 Bxd4 16. Bxd4 Nxd4 17. Qh8+ 1-0

[Event "*** Titled Tuesday Blitz"]
[Site "Chess.com"]
[Date "2021.03.02"]
[Round "9"]
[White "heyjohnnypark"]
[Black "LileKoridze"]
[Result "1/2-1/2"]
[WhiteElo "2607"]
[BlackElo "2438"]
[TimeControl "180+1"]
[EndTime "11:46:08 PST"]
[Termination "Game drawn by agreement"]

1. e4 c5 2. c3 Nf6 3. e5 Nd5 4. Nf3 Nc6 5. Bc4 Nb6 6. Bb3 d5 7. exd6 Qxd6 8. O-O e6 9. d4 cxd4 10. Nxd4 Nxd4 11. cxd4 Be7 12. Nc3 O-O 13. d5 exd5 14. Nxd5 Nxd5 15. Bxd5 Rd8 16. Qe2 Qxd5 17. Qxe7 Be6 18.
Be3 b6 19. a3 Qb3 20. Rac1 Qxb2 21. Rc7 Re8 22. Rxa7 h6 23. Rxa8 Rxa8 24. Qd6 Qxa3 25. Qxa3 Rxa3 26. Bxb6 1/2-1/2

[Event "*** Titled Tuesday Blitz"]
[Site "Chess.com"]
[Date "2021.03.02"]
[Round "9"]
[White "Shahaliyev"]
[Black "zacachess"]
[Result "1-0"]
[WhiteElo "2689"]
[BlackElo "2432"]
[TimeControl "180+1"]
[EndTime "11:46:12 PST"]
[Termination "Shahaliyev won by resignation"]

1. e4 e6 2. Qe2 e5 3. f4 d6 4. Nf3 Nf6 5. fxe5 dxe5 6. Nxe5 Qd4 7. Nf3 Qxe4 8. Nc3 Qxe2+ 9. Bxe2 c6 10. d3 Be7 11. Bd2 O-O 12. O-O-O Bf5 13. Nd4 Bg6 14. Rhf1 Nbd7 15. Nf5 Rfe8 16. Nxe7+ Rxe7 17. Bf3 Ne5 18. Bg5 Re6 19. Be2 Nd5 20. Nxd5 cxd5 21. Rde1 Rc6 22. Kd2 Rac8 23. Bd1 f6 24. Bf4 Nf7 25. Re7 Rb6 26. Rfe1 Kf8 27. Bg4 f5 28. Bd1 Rxb2 29. Rd7 Rd8 30.
Rc7 Re8 31. Be3 b6 32. Rxa7 Nd6 33. Bf4 Nf7 34. Be3 Nd6 35. Bd4 Nf7 36. Bxb2 1-0

[Event "*** Titled Tuesday Blitz"]
[Site "Chess.com"]
[Date "2021.03.02"]
[Round "9"]
[White "AsaHoffmann"]
[Black "politeplayer"]
[Result "1-0"]
[WhiteElo "2303"]
[BlackElo "2220"]
[TimeControl "180+1"]
[EndTime "11:46:12 PST"]
[Termination "AsaHoffmann won by checkmate"]

1. d4 Nf6 2. Bg5 Ne4 3. Bf4 d5 4. f3 Nf6 5. e4 e6 6. e5 Nfd7 7. Be3 c5 8. c3 Nc6 9. f4 Qa5 10. Qd2 cxd4 11. cxd4 Qxd2+ 12. Kxd2 Bb4+ 13. Nc3 Nb6 14. Nf3 Na4 15. Bd3 Nxb2 16. Bb5 Nc4+ 17. Bxc4 dxc4 18.
Kc2 a6 19. d5 Bxc3 20. Kxc3 exd5 21. Bc5 Bf5 22. a4 Be4 23. Ne1 Kd7 24. Rf1 Rac8 25. Ra2 Bf5 26. Nf3 h6 27. Rb2 Na5 28. Bd6 Nb3 29.
Nd4 Be4 30. Nxb3 cxb3+ 31. Kxb3 b5 32. axb5 axb5 33. Ra2 Bd3 34. Ra7+ Ke6 35. Rf3 Bc2+ 36. Kb4 Rc4+ 37. Kxb5 Bg6 38. f5+ Bxf5 39. Re7# 1-0

[Event "*** Titled Tuesday Blitz"]
[Site "Chess.com"]
[Date "2021.03.02"]
[Round "9"]
[White "Kretov_Evgenij"]
[Black "XanoushX_X"]
[Result "1-0"]
[WhiteElo "2608"]
[BlackElo "2483"]
[TimeControl "180+1"]
[EndTime "11:46:16 PST"]
[Termination "Kretov_Evgenij won by resignation"]

1. d4 d5 2. c4 c6 3. Nc3 Nf6 4.
e3 e6 5. Nf3 a6 6. Bd3 dxc4 7. Bxc4 b5 8. Be2 c5 9. e4 b4 10. e5 bxc3 11. exf6 cxb2 12. fxg7 Bxg7 13. Bxb2 Qa5+ 14. Nd2 Nc6 15. Bf3 Bd7 16. O-O cxd4 17. Nb3 Qb4 18. Bxd4 Nxd4 19. Bxa8 Nxb3 20. Rb1 Qd4 21.
Rxb3 O-O 22. Rd3 Qa7 23. Rxd7 Qxa8 24. Qg4 Rd8 25. Rfd1 Rxd7 26. Rxd7 Qc8 27. Qd1 Bf6 28.
h3 Kg7 29. Rd3 Qc4 30. Qg4+ Kf8 31. Qxc4 1-0

[Event "*** Titled Tuesday Blitz"]
[Site "Chess.com"]
[Date "2021.03.02"]
[Round "9"]
[White "hellokostya"]
[Black "Homyakova_Elena"]
[Result "1-0"]
[WhiteElo "2545"]
[BlackElo "2290"]
[TimeControl "180+1"]
[EndTime "11:46:17 PST"]
[Termination "hellokostya won on time"]

1. d4 Nf6 2. Bg5 Ne4 3. Bf4 c5 4. d5 d6 5. f3 Nf6 6. e4 g6 7. c4 Bg7 8. Nc3 O-O 9. Qd2 a6 10. a4 Nbd7 11. Nge2 Re8 12. Ng3 Rb8 13. Be2 Nb6 14. O-O h5 15. Rfe1 e6 16. a5 Na8 17. dxe6 Bxe6 18. Qxd6 Qxd6 19. Bxd6 Rbc8 20. e5 Nd7 21. f4 Nc7 22. Nge4 Bf8 23. b3 Red8 24.
Rad1 Bf5 25. Bf3 Ne6 26. Bxf8 Kxf8 27. Nd6 Nd4 28. Nxc8 Rxc8 29. Bxb7 Rb8 30. Bxa6 Rxb3 31. Nd5 Ra3 32. Ra1 Rxa1 33. Rxa1 Nb3 34. Ra3 Nd4 35. Bb5 Nb8 36. a6 Nxa6 37. Rxa6 Ne2+ 38. Kf2 Nd4 39. Ra7 Be6 40. Nf6 Kg7 41. Ra8 h4 42. Bd7 Bxc4 43. g4 hxg3+ 44. hxg3 1-0

[Event "*** Titled Tuesday Blitz"]
[Site "Chess.com"]
[Date "2021.03.02"]
[Round "9"]
[White "rachidhuilda"]
[Black "cukin84"]
[Result "1/2-1/2"]
[WhiteElo "2288"]
[BlackElo "2147"]
[TimeControl "180+1"]
[EndTime "11:46:17 PST"]
[Termination "Game drawn by agreement"]

1. d4 f5 2. g3 Nf6 3. Bg2 g6 4. c4 Bg7 5. Nc3 O-O 6. Nh3 d6 7. d5 a5 8. Nf4 Na6 9. O-O Rb8 10. Be3 g5 11. Nd3 h6 12. Bd4 c5 13. dxc6 bxc6 14.
b3 c5 15. Bxf6 Bxf6 16. Rc1 Nb4 17. Nxb4 axb4 18. Nd5 Bg7 19. e4 f4 20. gxf4 gxf4 21. e5 e6 22. Nf6+ Bxf6 23. exf6 Rxf6 24. Kh1 Rg6 25.
Be4 Bb7 26. Qf3 Qc7 27. Rg1 Rg5 28. h4 Rxg1+ 29. Rxg1+ Kh8 30. Qxf4 Bxe4+ 31. Qxe4 Qb7 32. Qxb7 Rxb7 33. Rg6 Ra7 34. Rxh6+ Kg7 35. Rxe6 Rxa2 36. Rxd6 Rxf2 37. Rd5 Rb2 38. Rxc5 Rxb3 39. Kg2 Rc3 1/2-1/2

[Event "*** Titled Tuesday Blitz"]
[Site "Chess.com"]
[Date "2021.03.02"]
[Round "9"]
[White "Beca95"]
[Black "elohunter1999"]
[Result "0-1"]
[WhiteElo "2872"]
[BlackElo "2655"]
[TimeControl "180+1"]
[EndTime "11:46:18 PST"]
[Termination "elohunter1999 won by resignation"]

1. Nc3 c5 2. e4 Nc6 3. Bb5 Nd4 4.
Nf3 a6 5. Bd3 g6 6. Nxd4 cxd4 7.
Ne2 Bg7 8. O-O d6 9. b4 e5 10. c3 dxc3 11. dxc3 Ne7 12. c4 O-O 13. Be3 Be6 14.
Nc3 Nc6 15. a3 Rc8 16. Nd5 Bxd5 17. cxd5 Nd4 18. Rc1 Qd7 19. Bxd4 Rxc1 20. Qxc1 exd4 21. f4 Rc8 22. Qd1 Qc7 23. a4 Qc3 24. b5 axb5 25.
axb5 Qb2 26. Qg4 Rc3 27. e5 Rxd3 28. Qc8+ Bf8 29. e6 Qe2 30. exf7+ Kg7 31. f5 Rd2 32. f6+ Kxf7 33. Qh3 Qe3+ 34. Qxe3 dxe3 0-1

[Event "*** Titled Tuesday Blitz"]
[Site "Chess.com"]
[Date "2021.03.02"]
[Round "9"]
[White "PSvidler"]
[Black "As0nchess"]
[Result "1-0"]
[WhiteElo "2921"]
[BlackElo "2653"]
[TimeControl "180+1"]
[EndTime "11:46:19 PST"]
[Termination "PSvidler won by checkmate"]

1. e4 c5 2. Nf3 d6 3. d4 cxd4 4. Nxd4 Nf6 5. Nc3 Nc6 6. Bg5 e6 7. Qd2 a6 8. Nxc6 bxc6 9. O-O-O h6 10. Bf4 d5 11. Qe3 Bb4 12. Be2 O-O 13. e5 Nd7 14. h4 f6 15. exf6 Qxf6 16. Bg3 e5 17. Nxd5 cxd5 18. Rxd5 Kh8 19. Rhd1 Qe6 20. Bc4 Qc6 21. Bb3 Nf6 22. Bxe5 Ng4 23. Bxg7+ Kxg7 24. Qd4+ Qf6 25. Qxb4 Nxf2 26. Re1 Ng4 27. a4 Qf4+ 28. Qxf4 Rxf4 29. Rd8 Bb7 30. Rd7+ Kg6 31. Rxb7 a5 32. g3 Rf2 33. Re6+ Nf6 34. Bc4 Kh5 35. Be2+ Kg6 36. g4 Rc8 37. Bd3+ Rf5 38. Bxf5# 1-0

[Event "*** Titled Tuesday Blitz"]
[Site "Chess.com"]
[Date "2021.03.02"]
[Round "9"]
[White "lelya96"]
[Black "Grandmaster1369"]
[Result "1-0"]
[WhiteElo "2276"]
[BlackElo "2402"]
[TimeControl "180+1"]
[EndTime "11:46:19 PST"]
[Termination "lelya96 won by resignation"]

1. d4 Nf6 2. Nf3 e6 3. Bg5 d5 4. e3 Be7 5. Bd3 c5 6. c3 Nc6 7. Nbd2 O-O 8. O-O b6 9. Ne5 Bb7 10. f4 Nxe5 11. fxe5 Ne4 12. Bxe7 Qxe7 13. Bxe4 dxe4 14.
Qg4 cxd4 15. exd4 Ba6 16. Rfe1 f5 17. exf6 Qxf6 18. Nxe4 Qh6 19. Ng5 Rf6 20. Rxe6 Raf8 21. Rxf6 Qxf6 22. Qe6+ Qxe6 23. Nxe6 Rf6 24. Re1 Bc4 25.
Ng5 g6 26. h4 h6 27. Re8+ Kg7 28. Re7+ Kf8 29. Rc7 Bd5 30. Nh7+ Ke8 31. Nxf6+ Kd8 32. Nxd5 g5 33. Rxa7 gxh4 34. Rh7 b5 35. Rxh6 h3 36.
Rxh3 Kc8 37. g4 b4 38. g5 Kd8 39. g6 Ke8 40. Rf3 bxc3 41. bxc3 Kd7 42. g7 Kc8 43. Rf7 1-0

[Event "*** Titled Tuesday Blitz"]
[Site "Chess.com"]
[Date "2021.03.02"]
[Round "9"]
[White "Kobalia"]
[Black "Anton_Demchenko"]
[Result "1-0"]
[WhiteElo "2724"]
[BlackElo "2898"]
[TimeControl "180+1"]
[EndTime "11:46:20 PST"]
[Termination "Kobalia won by resignation"]

1. e4 e5 2. Nf3 Nc6 3. Bb5 a6 4. Ba4 d6 5. O-O Nf6 6. Re1 Be7 7. Bxc6+ bxc6 8. d4 exd4 9. Nxd4 Bd7 10. Qf3 O-O 11. Nc3 Re8 12. e5 dxe5 13. Nxc6 Bxc6 14. Qxc6 Bd6 15. Bg5 Qd7 16. Qxd7 Nxd7 17. Rad1 f5 18. Nd5 Nf8 19. Bd2 Ne6 20. Ba5 Rab8 21. b4 e4 22. c4 Be5 23. f3 c6 24. fxe4 cxd5 25. exd5 Ng5 26. d6 Ne4 27. d7 Red8 28. c5 Bc3 29. c6 Bxe1 30. c7 Bf2+ 31. Kf1 Be3 32. cxd8=Q+ Rxd8 33. Bxd8 1-0

[Event "*** Titled Tuesday Blitz"]
[Site "Chess.com"]
[Date "2021.03.02"]
[Round "9"]
[White "InitiatingASC"]
[Black "FeketeBarika"]
[Result "1-0"]
[WhiteElo "2449"]
[BlackElo "2273"]
[TimeControl "180+1"]
[EndTime "11:46:23 PST"]
[Termination "InitiatingASC won by resignation"]

1. d4 e6 2. c4 Nf6 3. Nc3 d5 4. e3 Be7 5. Bd3 O-O 6. Nf3 dxc4 7. Bxc4 c5 8. O-O Nc6 9. Bd3 Kh8 10. a3 cxd4 11. exd4 Nxd4 12. Nxd4 Qxd4 13. Be3 Qh4 14. g3 Qh3 15. Be2 e5 16. Nd5 Nxd5 17.
Qxd5 Bf6 18. Bf3 Qe6 19. Qb5 a6 20. Qa4 Bd7 21. Qb4 Bc6 22. Bxc6 Qxc6 23. Rac1 Qf3 24.
Rc3 Qd5 25. Rc5 Qe6 26. Qxb7 Rfb8 27. Qe4 a5 28. Rfc1 a4 29. Rc6 Qd7 30. Rc7 Qb5 31. Rxf7 Qxb2 32. Kg2 Qxa3 33. Rcc7 Qb3 34. Rxf6 a3 35.
Rh6 Qg8 36. Qxe5 a2 37. Bd4 a1=Q 38. Bxa1 Rxa1 39. Qxa1 Qd5+ 40. Kg1 Qg5 41. Rhc6 h6 42. Rc8+ 1-0

[Event "*** Titled Tuesday Blitz"]
[Site "Chess.com"]
[Date "2021.03.02"]
[Round "9"]
[White "rquery98"]
[Black "nrvisakh"]
[Result "1-0"]
[WhiteElo "2653"]
[BlackElo "2772"]
[TimeControl "180+1"]
[EndTime "11:46:25 PST"]
[Termination "rquery98 won by resignation"]

1. Nf3 g6 2. g3 Bg7 3. d4 Nf6 4.
Bg2 O-O 5. c4 d5 6. cxd5 Nxd5 7.
O-O Nb6 8. Nc3 Nc6 9. d5 Na5 10. Qc2 c6 11. dxc6 Nxc6 12. Rd1 Qe8 13. Qe4 Bf5 14. Qh4 f6 15. g4 Bc2 16. Rd2 g5 17. Qg3 Bg6 18. h4 h6 19. b3 f5 20. Bb2 fxg4 21.
Qxg4 Bf5 22. Qg3 g4 23. Nh2 Be5 24. f4 Bg7 25. e4 Bd7 26. Nxg4 Kh8 27. Rad1 Rd8 28.
f5 Rg8 29. Qf3 Qh5 30. Nh2 Qxh4 31. Ne2 Ne5 32. Qf2 Qh5 33. Nf4 Qg5 34. Bxe5 Bxe5 35.
Ng6+ Rxg6 36. fxg6 Bg3 37. Qf7 1-0

[Event "*** Titled Tuesday Blitz"]
[Site "Chess.com"]
[Date "2021.03.02"]
[Round "9"]
[White "Lysiak_Poltorak"]
[Black "DinaBelenkaya"]
[Result "0-1"]
[WhiteElo "2455"]
[BlackElo "2330"]
[TimeControl "180+1"]
[EndTime "11:46:25 PST"]
[Termination "DinaBelenkaya won by resignation"]

1. e4 d5 2. Nc3 dxe4 3. Nxe4 Nf6 4. Ng3 h5 5. h4 Bg4 6. Be2 Nc6 7. d3 Qd7 8. Be3 O-O-O 9. Nf3 Nd5 10. Qd2 Nxe3 11. Qxe3 e5 12. O-O f5 13. Nh1 Be7 14. Ng5 f4 15. Qe4 Bf6 16. Nf3 Qe7 17. g3 Nd4 18. Nxd4 Rxd4 19. Bxg4+ hxg4 20. Qf5+ Kb8 21. Rae1 f3 22. Re4 Rxe4 23. dxe4 g5 24. hxg5 Bxg5 25. Qxg4 Qh7 0-1

[Event "*** Titled Tuesday Blitz"]
[Site "Chess.com"]
[Date "2021.03.02"]
[Round "9"]
[White "Julianos82"]
[Black "bazar-wokzal"]
[Result "1-0"]
[WhiteElo "2368"]
[BlackElo "2495"]
[TimeControl "180+1"]
[EndTime "11:46:25 PST"]
[Termination "Julianos82 won by resignation"]

1. d4 Nf6 2. Nf3 e6 3. Bg5 h6 4. Bh4 c5 5. e3 b6 6. Nbd2 Bb7 7. Bd3 Be7 8. O-O d6 9. Qe2 Nbd7 10. c3 Qc7 11. a4 g5 12. Bg3 h5 13. Nxg5 h4 14.
e4 hxg3 15. fxg3 Rf8 16. d5 exd5 17. exd5 Ne5 18. Bb5+ Kd8 19. Ndf3 Nfg4 20. Ne4 Bxd5 21. Rad1 Bb3 22. Rd2 f5 23. Nxe5 Nxe5 24. Nxd6 Bxd6 25. Qxe5 a6 26. Rxd6+ Kc8 27. Bd7+ Kb8 28. Rxb6+ 1-0

[Event "*** Titled Tuesday Blitz"]
[Site "Chess.com"]
[Date "2021.03.02"]
[Round "9"]
[White "Chopper1905"]
[Black "tigra"]
[Result "0-1"]
[WhiteElo "2937"]
[BlackElo "2879"]
[TimeControl "180+1"]
[EndTime "11:46:26 PST"]
[Termination "tigra won by checkmate"]

1. d4 Nf6 2. c4 e6 3. Nf3 c5 4.
d5 b5 5. e4 Nxe4 6. Bd3 Nd6 7.
O-O bxc4 8. Bc2 Be7 9. Nc3 Na6 10.
Ne5 O-O 11. Ne4 Nc7 12. Nxd6 Bxd6 13. Nxc4 Bxh2+ 14. Kxh2 Qh4+ 15. Kg1 Qxc4 16. d6 Ne8 17. Bg5 f6 18. Rc1 Qxa2 19. Qh5 f5 20. Be7 Rf7 21. g4 Bb7 22. gxf5 Qd5 23. f3 g6 24. Qh6 Qd4+ 25.
Kh1 gxf5 26. Bb3 Rg7 27. Rcd1 Qg4 28. Rg1 Qxf3+ 29. Kh2 Rg2+ 30. Kh1 Rxg1+ 31. Kxg1 Qg2# 0-1

[Event "*** Titled Tuesday Blitz"]
[Site "Chess.com"]
[Date "2021.03.02"]
[Round "9"]
[White "kai_nov"]
[Black "klimkoj"]
[Result "0-1"]
[WhiteElo "2404"]
[BlackElo "2606"]
[TimeControl "180+1"]
[EndTime "11:46:27 PST"]
[Termination "klimkoj won on time"]

1. d4 Nf6 2. c4 e6 3. Nc3 Bb4 4. f3 d5 5. a3 Bxc3+ 6. bxc3 c5 7. e3 O-O 8. cxd5 Nxd5 9. Bd2 Nc6 10. f4 cxd4 11. cxd4 Nb8 12. Nf3 b6 13. Bd3 Nf6 14. e4 Ba6 15. Qe2 Bxd3 16. Qxd3 Qc8 17. O-O Qa6 18.
Qb1 Nc6 19. f5 exf5 20. e5 Ne4 21. d5 Nxe5 22. Nxe5 Nxd2 23. Qxf5 Nxf1 24. Rxf1 Qb7 25. Nd7 Rfd8 26. Qxf7+ Kh8 27. Ne5 Qxd5 28. Qh5 Kg8 0-1

[Event "*** Titled Tuesday Blitz"]
[Site "Chess.com"]
[Date "2021.03.02"]
[Round "9"]
[White "XxPetroffsxX"]
[Black "Chamal_Gedgafov"]
[Result "0-1"]
[WhiteElo "2138"]
[BlackElo "2275"]
[TimeControl "180+1"]
[EndTime "11:46:28 PST"]
[Termination "Chamal_Gedgafov won by resignation"]

1. d4 Nf6 2. c4 g6 3. f3 Bg7 4.
e4 d6 5. Nc3 O-O 6. Be3 e5 7.
d5 Nbd7 8. Nh3 a6 9. Nf2 Nc5 10. Nd3 b6 11. Qd2 Bd7 12. Bh6 Nh5 13. Bxg7 Kxg7 14.
g3 f5 15. Nxc5 bxc5 16. Bd3 f4 17. g4 Nf6 18. h4 Ng8 19. g5 Rb8 20. b3 c6 21. Bc2 Ne7 22. Kf2 cxd5 23. cxd5 c4 24. h5 Qb6+ 25. Ke2 Qc5 26. Na4 Bxa4 27. bxa4 Rb2 28.
Rab1 Rfb8 29. Qc3 Rxb1 30. h6+ Kf7 31. Bxb1 Nc8 32. Bc2 Rb4 33. Rh4 Nb6 34. Rxf4+ Ke7 35. Rf6 Nxa4 36. Bxa4 Rxa4 37. Re6+ Kd7 38. Rf6 Rxa2+ 39.
Kd1 Qg1+ 0-1

[Event "*** Titled Tuesday Blitz"]
[Site "Chess.com"]
[Date "2021.03.02"]
[Round "9"]
[White "lagedema"]
[Black "Ginger_GM"]
[Result "0-1"]
[WhiteElo "2515"]
[BlackElo "2633"]
[TimeControl "180+1"]
[EndTime "11:46:30 PST"]
[Termination "Ginger_GM won by resignation"]

1. d4 e6 2. Nf3 f5 3. Bg5 Be7 4. Bxe7 Qxe7 5. Nbd2 Nf6 6. c3 O-O 7. Qc2 d6 8. e4 e5 9. dxe5 dxe5 10. Bc4+ Kh8 11.
O-O f4 12. a4 a5 13. Rfe1 Nbd7 14. h3 Nc5 15. b4 Ncd7 16. Qb3 Nb6 17. bxa5 Rxa5 18.
Qb4 Qc5 19. Nxe5 Qxb4 20. Nf7+ Rxf7 21. cxb4 Nxc4 22. Nxc4 Ra8 23. e5 Nd5 24. e6 Re7 25.
Rad1 c6 26. Nb6 Rb8 27. Nxd5 cxd5 28. Rxd5 Bxe6 29. Rde5 Rbe8 30. a5 Kg8 31. b5 Kf7 32. R1e4 Kf6 33. a6 bxa6 34. bxa6 g5 35. h4 h6 36. hxg5+ hxg5 37. a7 Rxa7 0-1

[Event "*** Titled Tuesday Blitz"]
[Site "Chess.com"]
[Date "2021.03.02"]
[Round "9"]
[White "enriquebutti"]
[Black "SanchezKelvin"]
[Result "0-1"]
[WhiteElo "2194"]
[BlackElo "2438"]
[TimeControl "180+1"]
[EndTime "11:46:30 PST"]
[Termination "SanchezKelvin won by resignation"]

1. d4 Nf6 2. c4 e6 3. Nf3 c5 4.
e3 cxd4 5. exd4 d5 6. Nc3 Nc6 7. cxd5 Nxd5 8. Bd3 Be7 9. O-O Bf6 10. Be4 Nce7 11. Re1 O-O 12. Qd3 h6 13. Ne5 Bd7 14.
Qh3 Bc6 15. Ng4 Bxd4 16. Nxh6+ gxh6 17. Bxh6 f5 18. Rad1 Bg7 19. Qg3 Rf7 20. Bxd5 exd5 21. Re6 Qd7 22. Rde1 f4 23. Qg5 Nf5 24. Bxg7 Nxg7 25.
Re7 Qf5 26. Qxf5 Nxf5 27. Rxf7 Kxf7 28. Re5 Ne7 29. Rg5 d4 0-1

[Event "*** Titled Tuesday Blitz"]
[Site "Chess.com"]
[Date "2021.03.02"]
[Round "9"]
[White "RobertoJBM"]
[Black "exoticprincess"]
[Result "1/2-1/2"]
[WhiteElo "2733"]
[BlackElo "2976"]
[TimeControl "180+1"]
[EndTime "11:46:31 PST"]
[Termination "Game drawn - insufficient material"]

1. d4 Nf6 2. Nf3 e6 3. e3 b6 4. Bd3 Bb7 5. O-O g6 6. Qe2 Bg7 7. e4 O-O 8. c4 d6 9. Nc3 Nc6 10. d5 exd5 11. cxd5 Nb4 12. a3 Nxd3 13. Qxd3 Re8 14.
Re1 Nd7 15. Bg5 Qc8 16. Rad1 a5 17. Nd4 Nc5 18. Qc2 a4 19. f3 Qd7 20. Be3 Ba6 21.
Bf2 Bc4 22. Nb1 Bb3 23. Nxb3 axb3 24. Qd2 f5 25. exf5 Qxf5 26. Nc3 Qc2 27. Rxe8+ Rxe8 28. Qxc2 bxc2 29. Rc1 Nd3 30. Rxc2 Bd4 31. Ne4 Bxf2+ 32.
Rxf2 Nxf2 33. Nf6+ Kf7 34. Nxe8 Nh3+ 35. gxh3 Kxe8 36.
a4 Kd7 37. Kf2 c5 38. dxc6+ Kxc6 39. b4 Kd5 40. Ke3 Kc4 41. a5 bxa5 42. bxa5 Kb5 43. Kd4 Kxa5 44. Kd5 Kb4 45. Kxd6 Kc4 46. Ke6 Kd4 47.
Kf6 Ke3 48. Kg7 Kxf3 49. Kxh7 Kg2 50. h4 Kh3 51. Kxg6 Kxh4 52. Kf5 Kh3 53. Ke4 Kxh2 1/2-1/2